 Dungeon Crawl Stone Soup version 0.22-a0-247-gbddf880757 (webtiles) character file.

5379 Peterchen the Severer (level 10, -2/114 (115) HPs)
             Began as a Minotaur Berserker on Feb 26, 2018.
             Was a High Priest of Trog.
             Slain by a two-headed ogre
             ... wielding a +0 giant club
              (11 damage)
             ... on level 10 of the Dungeon.
             The game lasted 00:16:33 (7538 turns).

Peterchen the Severer (Minotaur Berserker)          Turns: 7538, Time: 00:16:33

HP:   -2/114 (115)  AC: 17    Str: 35    XL:     10   Next: 39%
MP:   9/9           EV:  6    Int:  4    God:    Trog [*****.]
Gold: 692           SH:  5    Dex: 10    Spells: 9/9 levels left

rFire    + . .     SeeInvis .   G - +0 war axe (curse)
rCold    + . .     Gourm    .   d - +2 buckler {rC+ rF+}
rNeg     . . .     Faith    +   Q - +0 crystal plate armour
rPois    .         Spirit   .   (helmet restricted)
rElec    .         Reflect  .   (no cloak)
rCorr    .         Harm     .   F - +0 pair of gloves
MR       .....                  (no boots)
Stlth    ..........             K - amulet of faith
HPRegen  0.29/turn              y - +5 ring of strength
MPRegen  0.11/turn              N - +1 ring of protection

@: berserking, very quick
A: retaliatory headbutt, horns 2
a: Berserk, Trog's Hand, Brothers in Arms, Renounce Religion


You were on level 10 of the Dungeon.
You worshipped Trog.
Trog was extremely pleased with you.
You were very hungry.

You visited 3 branches of the dungeon, and saw 12 of its levels.
You also visited: Ossuary.

You collected 692 gold pieces.

Inventory:

Hand Weapons
 j - a +4 halberd of protection
 G - a cursed +0 war axe (weapon)
Missiles
 p - 3 javelins (quivered)
 H - 5 javelins of penetration
 M - 7 poisoned javelins
Armour
 d - a +2 buckler of resistance (worn)
 F - a +0 pair of gloves (worn)
 Q - a +0 crystal plate armour (worn)
Jewellery
 b - an uncursed amulet of regeneration
 y - a +5 ring of strength (left hand)
 K - an amulet of faith (around neck)
 N - a +1 ring of protection (right hand)
Wands
 o - a wand of flame (47)
 J - a wand of polymorph (8)
 L - a wand of iceblast (11)
Scrolls
 g - 5 scrolls of remove curse
 h - a scroll of blinking
 i - 2 scrolls of enchant weapon
 m - 6 scrolls of teleportation
 s - 5 scrolls of enchant armour
 v - 9 scrolls of immolation
 C - 4 scrolls of magic mapping
 D - a scroll of fog
 E - a scroll of fear
 I - 3 scrolls of amnesia
 O - a scroll of summoning
Potions
 a - a potion of resistance {unknown}
 e - 2 potions of flight {unknown}
 f - 2 potions of might
 k - 8 potions of curing {unknown}
 l - 9 potions of degeneration {unknown}
 n - 3 potions of magic {unknown}
 q - 2 potions of lignification {unknown}
 r - 2 potions of haste {unknown}
 t - 2 potions of brilliance {unknown}
 w - a potion of cancellation {unknown}
 x - a potion of invisibility {unknown}
 z - 5 potions of mutation {unknown}
 A - 3 potions of heal wounds {unknown}
 B - a potion of berserk rage {unknown}
Miscellaneous
 S - a lamp of fire
Comestibles
 c - 21 rations
 P - 26 chunks of flesh


   Skills:
 - Level 3.6 Fighting
 * Level 17.3 Axes
 - Level 2.4 Armour
 - Level 2.1 Dodging


You had 9 spell levels left.
You didn't know any spells.

Dungeon Overview and Level Annotations

Branches:
Dungeon (10/15)            Temple (1/1) D:6            Lair (1/6) D:8
    Orc: D:9-12

Altars:
Ashenzari
Cheibriados
Dithmenos
Fedhas
Hepliaklqana
Kikubaaqudgha
Makhleb
Okawaru
Qazlal
Ru
Uskayaw
Vehumet
Xom
Yredelemnul
Zin
The Shining One


Innate Abilities, Weirdness & Mutations

You reflexively headbutt those who attack you in melee.
You have a pair of horns on your head.


Message History

You furiously retaliate!
You headbutt the water moccasin skeleton!
You destroy the water moccasin skeleton!
Trog accepts your kill.
You feel a strong urge to attack something.
The killer bee barely misses you.
The two-headed ogre hits you with a giant club!
* * * LOW HITPOINT WARNING * * *
The two-headed ogre hits you but does no damage.
The killer bee stings you but does no damage.
You see here 2 arrows.
You slash the two-headed ogre!
Your headbutt misses the two-headed ogre.
The two-headed ogre is lightly wounded.
You miss the killer bee. The killer bee closely misses you.
You slash the two-headed ogre! You headbutt the two-headed ogre!!
The two-headed ogre is almost dead.
You barely miss the killer bee.
The two-headed ogre hits you with a giant club!
You die...

#... #######... ..#######
#......... ........#
#.........
........###########......###
............................
............................
#+#########'#########'#####.
#@# #.........#.
#...yOc.##.#+###'#.#.
#..###.8..# #.....#.#. ##
...## ###)###.#) ##..+
+..).)'.'. .## ###'###.#. .
#.....#.#. ## #+###+#.#.
..#.


You could see a centaur warrior, a two-headed ogre and a killer bee.

Vanquished Creatures
  Pikel (D:7)
  A komodo dragon (D:8)
  A spriggan (D:7)
  A yak (D:10)
  Eustachio (D:4)
  Menkaure (D:4)
  Edmund (D:4)
  An acid dragon (D:10)
  3 orc warriors
  An ice beast (D:8)
  2 sky beasts
  A necrophage (D:6)
  2 black bears
  4 slaves (D:7)
  A phantom (D:4)
  2 centaurs
  4 bullfrogs
  3 scorpions (D:4)
  A water moccasin skeleton (D:10)
  8 killer bees
  A howler monkey (D:6)
  5 centaur zombies
  3 crimson imps
  2 human zombies (Ossuary)
  4 hounds
  A jelly (D:5)
  5 orc priests
  4 centaur skeletons
  3 iguanas
  10 orc wizards
  12 worker ants
  A killer bee zombie (D:6)
  A big kobold zombie (Ossuary)
  A hound zombie (D:9)
  A hound skeleton (D:4)
  4 mummies (Ossuary)
  3 adders
  A shadow imp (D:6)
  An ooze (D:2)
  An adder skeleton (D:8)
  4 worms
  A dart slug (D:2)
  4 leopard geckos
  21 orcs
  5 bats
  4 giant cockroaches
  4 goblins
  9 hobgoblins
  17 jackals
  20 kobolds
  5 quokkas
  3 frilled lizards (D:1)
  A goblin zombie (Ossuary)
  2 leopard gecko skeletons (D:4)
  An orc zombie (Ossuary)
  11 rats
  2 rat zombies (D:5)
  2 plants (D:3)
220 creatures vanquished.

Vanquished Creatures (collateral kills)
  A crocodile (D:10)
1 creature vanquished.

Vanquished Creatures (others)
  8 plants (D:8)
8 creatures vanquished.

Grand Total: 229 creatures vanquished

Notes
Turn   | Place    | Note
-------+----------+-------------------------------------------
     0 | D:1      | Peterchen the Minotaur Berserker began the quest for the Orb.
     0 | D:1      | Reached XP level 1. HP: 19/19 MP: 0/0
    11 | D:1      | Reached skill level 4 in Axes
    81 | D:1      | Reached XP level 2. HP: 24/26 MP: 1/1
   184 | D:1      | Reached skill level 5 in Axes
   222 | D:1      | Reached ** piety under Trog
   361 | D:1      | Reached XP level 3. HP: 26/31 MP: 2/2
   469 | D:2      | Found a blossoming altar of Fedhas.
   514 | D:2      | Found a shattered altar of Ashenzari.
   517 | D:2      | Found a shadowy altar of Dithmenos.
   517 | D:2      | Found a basalt altar of Yredelemnul.
   938 | D:2      | Reached skill level 6 in Axes
   938 | D:2      | Reached XP level 4. HP: 13/39 MP: 3/3
  1278 | D:3      | Reached *** piety under Trog
  1381 | D:3      | Found a stormy altar of Qazlal.
  1551 | D:3      | Found a shimmering altar of Xom.
  2084 | D:4      | Reached skill level 7 in Axes
  2084 | D:4      | Reached XP level 5. HP: 42/45 MP: 4/4
  2108 | D:4      | Found a sand-covered staircase.
  2114 | Ossuary  | Entered an ossuary
  2213 | Ossuary  | Reached skill level 8 in Axes
  2220 | Ossuary  | Reached XP level 6. HP: 51/51 MP: 5/5
  2399 | D:4      | Noticed Menkaure
  2401 | D:4      | Reached skill level 9 in Axes
  2408 | D:4      | Noticed a sky beast
  2409 | D:4      | Killed Menkaure
  2409 | D:4      | Reached XP level 7. HP: 31/57 MP: 6/6
  2413 | D:4      | Reached skill level 10 in Axes
  2488 | D:4      | Noticed Edmund
  2508 | D:4      | Killed Edmund
  2593 | D:4      | Reached **** piety under Trog
  2593 | D:4      | Reached skill level 11 in Axes
  2710 | D:4      | Reached XP level 8. HP: 53/64 MP: 7/7
  2881 | D:4      | Noticed Eustachio
  2893 | D:4      | Killed Eustachio
  2893 | D:4      | Reached skill level 12 in Axes
  3149 | D:5      | Entered Level 5 of the Dungeon
  3342 | D:5      | Found a sacrificial altar of Ru.
  3533 | D:5      | Found an ancient bone altar of Kikubaaqudgha.
  3612 | D:5      | Found a burning altar of Makhleb.
  3932 | D:6      | Got a heavily runed turquoise ring
  3939 | D:6      | Identified the ring of Tomorrow {rCorr Stlth+} (You found it on level 6 of the Dungeon)
  4095 | D:6      | Found a staircase to the Ecumenical Temple.
  4108 | D:6      | Reached skill level 13 in Axes
  4466 | Temple   | Entered the Ecumenical Temple
  4642 | D:7      | Found a radiant altar of Vehumet.
  4656 | D:7      | Reached XP level 9. HP: 61/69 MP: 8/8
  4735 | D:7      | Reached skill level 14 in Axes
  5125 | D:7      | Found an iron altar of Okawaru.
  5445 | D:7      | Noticed Pikel
  5449 | D:7      | Reached ***** piety under Trog
  5463 | D:7      | Killed Pikel
  5463 | D:7      | Reached skill level 15 in Axes
  5466 | D:7      | Found a hide-covered altar of Uskayaw.
  5837 | D:8      | Found a hide-covered altar of Uskayaw.
  5841 | D:8      | Noticed a dagger
  5841 | D:8      | Noticed a dagger
  6073 | D:8      | Reached skill level 16 in Axes
  6140 | D:8      | Received a gift from Trog
  6186 | D:8      | Noticed a komodo dragon
  6188 | D:8      | Found a staircase to the Lair.
  6196 | D:8      | Killed a komodo dragon
  6196 | D:8      | Reached XP level 10. HP: 76/76 MP: 9/9
  6621 | Lair:1   | Entered Level 1 of the Lair of Beasts
  6805 | D:9      | Received a gift from Trog
  6971 | D:9      | Found a shattered altar of Ashenzari.
  7148 | D:9      | Found a hazy altar of Hepliaklqana.
  7277 | D:9      | Found a glowing silver altar of Zin.
  7382 | D:10     | Entered Level 10 of the Dungeon
  7382 | D:10     | Found a shimmering altar of Xom.
  7383 | D:10     | Found a shimmering altar of Xom.
  7445 | D:10     | Reached skill level 17 in Axes
  7487 | D:10     | Received a gift from Trog
  7527 | D:10     | Noticed a two-headed ogre
  7527 | D:10     | Noticed a centaur warrior
  7538 | D:10     | Slain by a two-headed ogre

Vault maps used:
D:1:      minmay_arrival_three_doors
D:2:      overflow_temple_1_default, grunt_temple_overflow_open
D:3:      nicolae_overflow_crystal_walls, lemuel_round_altar, first_ration,
          minmay_misc_feat_room, lexackson_kobold_supper
D:4:      enter_ossuary_5, minivault_19, kennysheep_generic_room_5, uniq_edmund,
          uniq_menkaure, uniq_eustachio
D:5:      lemuel_zombie_altar_kikubaaqudgha, lemuel_crystal_altar,
          nicolae_ru_sacrificial_ziggurat
D:6:      minmay_temple_entry_mist, serial_park_tiny_pond,
          mrwooster_statue_mirror
D:7:      lemuel_doored_altar, the_bakery, hangedman_feature_mirror, uniq_pikel
D:8:      dancing_weapons_uskayaw, david_lair_shrubbed
D:9:      lemuel_round_altar, zin_scriptorium, evilmike_ruin_ashenzari
D:10:     minmay_the_grid_3x3, xom_shifter_show
Temple:   compressed_dpeg_circular_temple
Lair:1:   kennysheep_snail_temple
Ossuary:  ossuary_crypta

Skill      XL: |  1  2  3  4  5  6  7  8  9 10 |
---------------+-------------------------------+-----
Axes           | 4 5 6 7 8 9 11 13 16 17 | 17.3
Fighting       | |  3.6
Armour         | |  2.4
Dodging        | |  2.1

Action                   |  1- 3 |  4- 6 |  7- 9 | 10-12 || total
-------------------------+-------+-------+-------+-------++-------
Melee: Hand axe          |    92 |   175 |    74 |       ||   341
       Headbutt          |    16 |    41 |    62 |    18 ||   137
       War axe           |       |       |   227 |    90 ||   317
Invok: Berserk           |     1 |     1 |     6 |     1 ||     9
       Brothers in Arms  |       |       |       |     1 ||     1
  Use: Scroll            |       |     7 |     3 |     6 ||    16
  Eat: Chunk             |     1 |     5 |    18 |     5 ||    29
Armor: Animal skin       |    11 |       |       |       ||    11
       Scale mail        |       |    30 |    71 |     6 ||   107
       Ring mail         |       |     7 |       |       ||     7
       Crystal plate arm |       |       |       |    45 ||    45
Dodge: Dodged            |    59 |    47 |    98 |    33 ||   237
Block: Buckler           |       |       |    31 |    21 ||    52

Table legend:
 A = Spawn XP
 B = Non-spawn XP
 C = Spawn XP percentage of total XP
 D = Spawn monster count
 E = Non-spawn monster count
 F = Spawn count percentage of total count
 G = Total turns spent on level
                    A         B        C        D         E        F      G
               +---------+---------+-------+---------+---------+-------+---------
         Total |       0 |    7685 |   0.0 |       0 |     215 |   0.0 |  7538
               +---------+---------+-------+---------+---------+-------+---------
           D:1 |       0 |      41 |   0.0 |       0 |      24 |   0.0 |   436
           D:2 |       0 |      58 |   0.0 |       0 |      26 |   0.0 |   807
           D:3 |       0 |      36 |   0.0 |       0 |      21 |   0.0 |   824
           D:4 |       0 |    1272 |   0.0 |       0 |      24 |   0.0 |   858
           D:5 |       0 |     117 |   0.0 |       0 |       8 |   0.0 |   630
           D:6 |       0 |     594 |   0.0 |       0 |      14 |   0.0 |   732
           D:7 |       0 |    1857 |   0.0 |       0 |      28 |   0.0 |  1031
           D:8 |       0 |    1560 |   0.0 |       0 |      33 |   0.0 |  1127
           D:9 |       0 |     503 |   0.0 |       0 |      15 |   0.0 |   707
          D:10 |       0 |    1318 |   0.0 |       0 |      10 |   0.0 |   156
       Ossuary |       0 |     329 |   0.0 |       0 |      12 |   0.0 |   224
               +---------+---------+-------+---------+---------+-------+---------
